 Dungeon Crawl Stone Soup version 0.27-a0-1324-ge0d8e047f6 (webtiles) character file.

Game seed: 15063291439824064185

147 Nattfarinn the Magician (level 5, -2/39 HPs)
             Began as a Djinni Fire Elementalist on June 23, 2021.
             Killed by divine providence
             ... invoked by an orc priest
              (17 damage)
             ... on level 4 of the Dungeon.
             The game lasted 00:02:50 (3425 turns).

Nattfarinn the Magician (Djinni Fire Elementalist)  Turns: 3425, Time: 00:02:51

Health: -2/39      AC:  2    Str:  7    XL:     5   Next: 54%
Gold:   118        EV: 27    Int: 17    God:
                   SH:  0    Dex: 14

rFire    + + .     SeeInvis +   (no weapon)
rCold    x . .     Faith    .   (no shield)
rNeg     . . .     Spirit   .   a - +0 robe
rPois    ∞         Reflect  .   (no helmet)
rElec    .         Harm     .   (no cloak)
rCorr    .         Rampage  .   (no gloves)
Will     .....                  (boots unavailable)
Stlth    ++........             m - amulet of the acrobat
HPRegen  0.13/turn              n - ring of see invisible
MPRegen  0.00/turn              (no ring)

@: acrobatic, flying
A: sickness immunity, fire resistance 2, cold vulnerability 1, float, innate
caster, hp casting, extra vitality 1
a: no special abilities


You were on level 4 of the Dungeon.
You visited 1 branch of the dungeon, and saw 4 of its levels.

You collected 118 gold pieces.

Inventory:

Armour
 a - a +0 robe (worn)
Jewellery
 m - an amulet of the acrobat (around neck)
 n - a ring of see invisible (left hand)
Scrolls
 c - 3 scrolls of identify {unknown}
 d - a scroll of amnesia {unknown}
 f - a scroll of blinking {unknown}
 j - a scroll of noise {unknown}
 k - 2 scrolls of magic mapping {unknown}
 l - a scroll of silence {unknown}
Potions
 b - 2 potions of haste {unknown}
 e - 3 potions of curing {unknown}
 g - a potion of resistance {unknown}
 h - a potion of flight {unknown}
 i - a potion of brilliance {unknown}


   Skills:
 + Level 2.5 Fighting
 - Level 2.1 Dodging
 - Level 1.5 Stealth
 * Level 3.9 Spellcasting


You couldn't memorise any spells.
You knew the following spells:

 Your Spells              Type           Power      Damage    Failure   Level
a - Foxfire               Conj/Fire      64%        2x1d7     3%          1
b - Conjure Flame         Conj/Fire      16%        6-21      10%         3
c - Inner Flame           Hex/Fire       16%        N/A       10%         3
d - Sticky Flame          Conj/Fire      16%        2d4       30%         4
e - Fireball              Conj/Fire      8%         3d6       65%         5
f - Sandblast             Erth           32%        2d9       3%          1
g - Poisonous Vapours     Pois/Air       32%        N/A       4%          2
Your spell library was empty.

Dungeon Overview and Level Annotations

Branches:
Dungeon (4/15)
 Temple: D:4-7

Altars:


Innate Abilities, Weirdness & Mutations

You are immune to sickness and miasma.
You are immune to poison.
Your flesh is very heat resistant. (rF++)
You are vulnerable to cold. (rC-)
You float through the air rather than walking.
You learn spells naturally, not from books.
Your magical power is your life essence.
You have superior vitality. (+4 HP)


Message History

The orc is moderately wounded.
The foxfire hits the orc.
The orc is heavily wounded.
You conjure some foxfire!
The foxfire hits the orc but does no damage.
The orc is heavily wounded.
The foxfire hits the orc but does no damage.
The orc is heavily wounded.
The orc priest calls upon Beogh to heal the orc.
The orc's wounds heal themselves!
You conjure some foxfire!
The foxfire hits the orc.
The orc is lightly wounded.
The foxfire hits the orc.
The orc is heavily wounded.
You conjure some foxfire!
The foxfire hits the orc.
The orc is heavily wounded.
The foxfire hits the orc but does no damage.
The orc is heavily wounded.
You conjure some foxfire!
The foxfire hits the orc.
You kill the orc!
The orc priest miscasts a cantrip.
The foxfire hits the orc priest.
The orc priest is lightly wounded.
You conjure some foxfire!
The foxfire hits the orc priest.
The orc priest is moderately wounded.
The foxfire hits the orc priest.
The orc priest is heavily wounded.
The orc priest calls down the wrath of Beogh upon you.
Beogh smites you!
You are too injured to fight recklessly!
You are too injured to fight recklessly!
You are too injured to fight recklessly!
Unknown command.
The foxfire hits the orc priest but does no damage.
The orc priest is heavily wounded.
The foxfire hits the orc priest.
The orc priest is almost dead.
The orc priest invokes the aid of Beogh against you.
Beogh smites you!
You die...

### ..# #.#
##.##### .
#......#
....###.@....##
.......§....?.#
......§.§####...
....o.....# .
.......#...#
.......##....
..))).. ....?
......# #[.#..
.#.... ..#..


You could see an orc priest.

Vanquished Creatures
  Natasha (thrice) (D:2)
  2 adders
  2 worms (D:3)
  A dart slug (D:3)
  4 orcs (D:4)
  3 endoplasms
  A giant cockroach (D:3)
  2 goblins (D:3)
  6 hobgoblins
  A kobold (D:2)
  2 quokkas
  4 ball pythons
  7 bats
  2 frilled lizards
  5 rats
45 creatures vanquished.

Vanquished Creatures (others)
  282 foxfires
282 creatures vanquished.

Grand Total: 327 creatures vanquished

Notes
Turn   | Place    | Note
-------+----------+-------------------------------------------
     0 | D:1      | Nattfarinn the Djinni Fire Elementalist began the quest for
                  | the Orb.
     0 | D:1      | Reached XP level 1. HP: 15/15 MP: 0/0
   777 | D:1      | Reached XP level 2. HP: 20/22 MP: 0/0
  1455 | D:2      | Reached skill level 1 in Fighting
  1624 | D:2      | Reached skill level 3 in Spellcasting
  1624 | D:2      | Reached XP level 3. HP: 22/27 MP: 0/0
  1624 | D:2      | Learned a level 1 spell: Sandblast
  1801 | D:2      | Noticed Natasha
  1808 | D:2      | Killed Natasha
  1809 | D:2      | Reached XP level 4. HP: 26/33 MP: 0/0
  2068 | D:2      | Noticed Natasha
  2072 | D:2      | Killed Natasha
  2302 | D:2      | Noticed Natasha
  2309 | D:2      | Killed Natasha
  2310 | D:2      | Reached XP level 5. HP: 31/38 MP: 0/0
  2310 | D:2      | Learned a level 2 spell: Poisonous Vapours
  3425 | D:4      | Killed from afar by an orc priest

Illustrated notes

Levels and vault maps discovered:
D:1:      amcnicky_arrival_single_pillar, layout_loops_ring
D:2:      layout_rooms, uniq_natasha
D:3:      layout_rooms
D:4:      layout_rooms, minmay_temple_entry_offerings

Skill      XL: |  1  2  3  4 |
---------------+-------------+-----
Fighting       | 1 2 |  2.5
Spellcasting   | 3 |  3.9
Dodging        | |  2.1
Stealth        | |  1.5

Action                   |  1- 3 |  4- 6 || total
-------------------------+-------+-------++-------
Melee: Unarmed           |     1 |     2 ||     3
 Cast: Foxfire           |    60 |   114 ||   174
Armor: Robe              |     1 |     2 ||     3
Dodge: Dodged            |     3 |     3 ||     6

Table legend: (Time is in decaauts)
 A = Elapsed time spent in this place.
 B = Non-inter-level travel time spent in this place.
 C = Inter-level travel time spent in this place.
 D = Time resting spent in this place.
 E = Time spent auto-exploring this place.
 F = Levels seen in this place.
 G = Mean time per level.
                   A        B        C        D        E       F      G
               +--------+--------+--------+--------+--------+-----+--------+
         Total |   3423 |   3302 |    121 |    175 |   2843 |   4 |  855.8 |
       Dungeon |   3423 |   3302 |    121 |    175 |   2843 |   4 |  855.8 |
               +--------+--------+--------+--------+--------+-----+--------+

Top non-repeatable levels by time:
     D:1: 1219 daAuts
     D:2: 1164 daAuts
     D:3: 1022 daAuts
     D:4: 17 daAuts
